 Dungeon Crawl Stone Soup version 0.28.0-45-g0d030f2227 (webtiles) character file.

Game seed: 3610989273871955193

1316 101zpm the Shield-Bearer (level 8, -3/67 HPs)
             Began as a Gnoll Fighter on Apr 21, 2022.
             Slain by Prince Ribbit (5 damage)
             ... on level 7 of the Dungeon.
             The game lasted 00:11:19 (6105 turns).

101zpm the Shield-Bearer (Gnoll Fighter)            Turns: 6105, Time: 00:11:20

Health: -3/67      AC: 12    Str: 19    XL:     8   Next: 59%
Magic:  13/13      EV:  8    Int:  7    God:
Gold:   299        SH:  5    Dex: 11    Spells: 13/13 levels left

rFire   . . .      SeeInvis .   a - +0 war axe
rCold   . . .      Faith    .   c - +0 buckler
rNeg    . . .      Spirit   .   f - +0 chain mail
rPois   .          Reflect  .   (no helmet)
rElec   .          Harm     .   C - +0 cloak
rCorr   .          Rampage  .   (no gloves)
Will    .....                   (no boots)
Stlth   ..........              (no amulet)
HPRegen 0.21/turn               (no ring)
MPRegen 0.13/turn               (no ring)

@: no status effects
A: fangs 1, strong nose, distributed training
a: no special abilities


You were on level 7 of the Dungeon.
You visited 1 branch of the dungeon, and saw 8 of its levels.

You collected 299 gold pieces.

Inventory:

Hand Weapons
 a - a +0 war axe (weapon)
 q - a +0 war axe
Missiles
 e - 43 bolts
 h - 169 stones (quivered)
 w - a throwing net
 x - 4 javelins
 y - 5 boomerangs
Armour
 b - a +0 scale mail
 c - a +0 buckler (worn)
 f - a +0 chain mail (worn)
 C - a +0 cloak (worn)
Jewellery
 u - a ring of protection from fire
Wands
 k - a wand of iceblast (3)
Scrolls
 i - a scroll of fear
 l - a scroll of magic mapping
 n - 2 scrolls of torment
 o - a scroll of amnesia
 t - 2 scrolls of teleportation
 z - a scroll of summoning {unknown}
 B - a scroll of immolation {unknown}
Potions
 d - a potion of might
 g - a potion of cancellation {unknown}
 j - a potion of haste {unknown}
 m - 2 potions of resistance
 p - 2 potions of lignification {unknown}
 s - a potion of mutation {unknown}
 A - a potion of flight {unknown}


   Skills:
 + Level 7.4 Fighting
 + Level 3.4 Short Blades
 + Level 3.4 Long Blades
 + Level 5.7 Axes
 + Level 3.4 Maces & Flails
 + Level 3.4 Polearms
 + Level 3.4 Staves
 + Level 3.4 Slings
 + Level 3.4 Bows
 + Level 3.4 Crossbows
 + Level 3.4 Throwing
 + Level 7.4 Armour
 + Level 3.4 Dodging
 + Level 3.4 Stealth
 + Level 7.4 Shields
 + Level 3.4 Unarmed Combat
 + Level 3.4 Spellcasting
 + Level 2.7 Conjurations
 + Level 2.7 Hexes
 + Level 2.7 Summonings
 + Level 2.7 Necromancy
 + Level 2.7 Translocations
 + Level 2.7 Transmutations
 + Level 2.7 Fire Magic
 + Level 2.7 Ice Magic
 + Level 2.7 Air Magic
 + Level 2.7 Earth Magic
 + Level 2.7 Poison Magic
 + Level 3.7 Invocations
 + Level 3.4 Evocations


You had 13 spell levels left.
You didn't know any spells.
Your spell library contained the following spells:

 Spells                   Type           Power      Damage    Failure   Level
 Animate Skeleton         Necr           10%        N/A       77%         1
 Apportation              Tloc           10%        N/A       77%         1
 Sting                    Tmut/Pois      20%        1d4       77%         1
 Summon Small Mammal      Summ           20%        N/A       77%         1
 Corpse Rot               Necr/Air       10%        N/A       88%         2
 Cause Fear               Hex            2%         N/A       100%        4
 Dispel Undead            Necr           5%         3d7       100%        4
 Death Channel            Necr           2%         N/A       100%        6
 Dragon Form              Tmut           2%         N/A       100%        7
 Dragon's Call            Summ           2%         N/A       100%        9


Dungeon Overview and Level Annotations

Branches:
Dungeon (8/15)             Temple (0/1) D:5
   Lair: D:8-11

Altars:
Ru
Sif Muna

Shops:
D:6 (*

Annotations:
D:4 1 runed translucent door, Ablot's ghost, amateur GnCK
D:7 Prince Ribbit
D:8 Psyche


Innate Abilities, Weirdness & Mutations

You have very sharp teeth.
Your uncanny sense of smell can sniff out nearby items.
Your experience applies equally to all skills.


Message History

You kill the orc!
You hit the gnoll. Prince Ribbit closely misses you.
The gnoll hits you but does no damage. The gnoll hits you with a +0 flail.
Prince Ribbit blinks!
You slash the gnoll!
You kill the gnoll!
You miss Prince Ribbit.
Prince Ribbit is moderately wounded.
Prince Ribbit hits you! Prince Ribbit hits you.
You barely miss Prince Ribbit.
Prince Ribbit is moderately wounded.
Prince Ribbit hits you but does no damage.
Prince Ribbit hits you.
You hit Prince Ribbit. Your bite misses Prince Ribbit.
Prince Ribbit is moderately wounded.
Prince Ribbit hits you. Prince Ribbit hits you!
You are too injured to fight recklessly!
You are too injured to fight recklessly!
Throw: 170 stones
Press: ? - help, Q - select action, (/) - cycle Shift-Dir - straight line, f - Prince Ribbit
Aim: Prince Ribbit (moderately wounded, 39% to hit)
You throw a stone. The stone hits Prince Ribbit.
Prince Ribbit is heavily wounded.
Prince Ribbit hits you.
You completely miss Prince Ribbit.
Prince Ribbit is heavily wounded.
Prince Ribbit barely misses you. You block Prince Ribbit's attack.
You barely miss Prince Ribbit.
Prince Ribbit is heavily wounded.
Prince Ribbit hits you!
* * * LOW HITPOINT WARNING * * *
Prince Ribbit hits you but does no damage.
You miss Prince Ribbit.
Prince Ribbit is heavily wounded.
Prince Ribbit hits you.
* * * LOW HITPOINT WARNING * * *
You closely miss Prince Ribbit.
Prince Ribbit is heavily wounded.
Prince Ribbit hits you.
You die...

# #. ###
##.###..
....#.#
#..#.#
#....######
#....)....#
##.F@>###...#
###.)# .#
#.....
#.##### #. ..
###


You could see Prince Ribbit.

Vanquished Creatures
  Sigmund (D:5)
  A yak (D:5)
  A black bear (D:5)
  An ice beast (D:5)
  A centaur (D:5)
  2 phantoms
  A bullfrog (D:5)
  3 scorpions (D:5)
  A howler monkey (D:5)
  A bullfrog zombie (D:5)
  4 iguanas
  A hound skeleton (D:4)
  Robin (D:2)
  2 gnolls
  7 adders
  2 ufetubi (D:5)
  A dart slug (D:3)
  7 orcs
  5 endoplasms
  3 giant cockroaches
  17 goblins
  7 hobgoblins
  10 kobolds
  4 quokkas
  5 ball pythons
  2 bats (D:1)
  2 frilled lizards
  A rat (D:3)
94 creatures vanquished.

Notes
Turn   | Place    | Note
-------+----------+-------------------------------------------
     0 | D:1      | 101zpm the Gnoll Fighter began the quest for the Orb.
     0 | D:1      | Reached XP level 1. HP: 23/23 MP: 1/1
    75 | D:2      | Noticed Robin
    83 | D:2      | Reached XP level 2. HP: 20/29 MP: 2/2
    89 | D:2      | Killed Robin
    90 | D:2      | Reached XP level 3. HP: 17/35 MP: 3/3
   147 | D:2      | Reached skill level 1 in Invocations
   793 | D:2      | Found a faded altar of an unknown god.
   801 | D:2      | Got Plato's Almanac of Transmutation
   922 | D:3      | Reached skill level 1 in Short Blades
   922 | D:3      | Reached skill level 1 in Long Blades
   922 | D:3      | Reached skill level 1 in Maces & Flails
   922 | D:3      | Reached skill level 1 in Polearms
   922 | D:3      | Reached skill level 1 in Staves
   922 | D:3      | Reached skill level 1 in Slings
   922 | D:3      | Reached skill level 1 in Bows
   922 | D:3      | Reached skill level 1 in Crossbows
   922 | D:3      | Reached skill level 1 in Throwing
   922 | D:3      | Reached skill level 1 in Dodging
   922 | D:3      | Reached skill level 1 in Stealth
   922 | D:3      | Reached skill level 1 in Unarmed Combat
   922 | D:3      | Reached skill level 1 in Spellcasting
   922 | D:3      | Reached skill level 1 in Evocations
  1251 | D:3      | Reached XP level 4. HP: 41/41 MP: 5/5
  1730 | D:3      | Reached skill level 1 in Conjurations
  1730 | D:3      | Reached skill level 1 in Hexes
  1730 | D:3      | Reached skill level 1 in Summonings
  1730 | D:3      | Reached skill level 1 in Necromancy
  1730 | D:3      | Reached skill level 1 in Translocations
  1730 | D:3      | Reached skill level 1 in Transmutations
  1730 | D:3      | Reached skill level 1 in Fire Magic
  1730 | D:3      | Reached skill level 1 in Ice Magic
  1730 | D:3      | Reached skill level 1 in Air Magic
  1730 | D:3      | Reached skill level 1 in Earth Magic
  1730 | D:3      | Reached skill level 1 in Poison Magic
  1746 | D:3      | Found a sacrificial altar of Ru.
  2999 | D:4      | Reached XP level 5. HP: 44/47 MP: 5/7
  3349 | D:4      | Noticed a phantom
  3362 | D:4      | Killed a phantom
  3483 | D:4      | Reached XP level 6. HP: 51/53 MP: 8/8
  3732 | D:4      | Found a runed translucent door.
  3734 | D:4      | Noticed Ablot's ghost (amateur GnCK)
  3788 | D:5      | Entered Level 5 of the Dungeon
  3797 | D:6      | Found Oruuplol's CLEARANCE SALE!.
  4137 | D:5      | Reached skill level 5 in Axes
  4371 | D:5      | Noticed a black bear
  4406 | D:5      | Noticed a yak
  4530 | D:5      | Reached XP level 7. HP: 59/59 MP: 10/10
  4575 | D:5      | Found a staircase to the Ecumenical Temple.
  5099 | D:5      | Noticed Sigmund
  5141 | D:5      | Killed Sigmund
  5142 | D:5      | Reached XP level 8. HP: 28/67 MP: 12/12
  5478 | D:5      | Killed a yak
  5586 | D:5      | Noticed a yak
  5681 | D:5      | Found a shimmering blue altar of Sif Muna.
  5772 | D:5      | Noticed a yak
  5773 | D:5      | Noticed a yak
  5915 | D:6      | Found Waclimah's Antique Weapon Emporium.
  6087 | D:8      | Noticed Prince Ribbit
  6092 | D:8      | Noticed Psyche
  6104 | D:7      | HP: 2/67 [Prince Ribbit (5)]
  6105 | D:7      | Slain by Prince Ribbit

Illustrated notes

Levels and vault maps discovered:
D:1:      nzn_arrival_water_spiral, layout_loops_corners,
          chequers_serial_rivers_micro_c, chequers_garden
D:2:      layout_rooms, shapermc_ecumenical_altar_rom_forum, uniq_robin
D:3:      layout_loops_corners, overflow_temple_1_default,
          kennysheep_generic_room_4
D:4:      layout_basic, ebering_ghost_sewer_d, minmay_distorted
D:5:      layout_loops_ring, nicolae_hepliaklqana_hippocampus,
          mainiacjoe_overflow_24_doors, minmay_temple_entry_junction,
          minmay_starry_boxes, uniq_sigmund
D:6:      layout_rooms, mainiacjoe_overflow_alcove_1,
          gammafunk_temple_overflow_forgotten, serial_shops,
          nicolae_stop_n_shop_2, kennysheep_nub, nicolae_shop_clearance
D:7:      layout_rooms, mainiacjoe_overflow_concentric_impassable, uniq_harold
D:8:      layout_rooms, mainiacjoe_overflow_alcove_4, enter_bailey_4,
          hangedman_decor_riveting, grunt_ministairs_3, uniq_psyche, uniq_pikel,
          uniq_prince_ribbit1

Skill      XL: |  1  2  3  4  5  6  7 |
---------------+----------------------+-----
Invocations    | 1 2 3 |  3.7
Short Blades   | 1 2 3 |  3.4
Long Blades    | 1 2 3 |  3.4
Maces & Flails | 1 2 3 |  3.4
Polearms       | 1 2 3 |  3.4
Staves         | 1 2 3 |  3.4
Slings         | 1 2 3 |  3.4
Bows           | 1 2 3 |  3.4
Crossbows      | 1 2 3 |  3.4
Throwing       | 1 2 3 |  3.4
Dodging        | 1 2 3 |  3.4
Stealth        | 1 2 3 |  3.4
Unarmed Combat | 1 2 3 |  3.4
Spellcasting   | 1 2 3 |  3.4
Evocations     | 1 2 3 |  3.4
Conjurations   | 1 2 |  2.7
Hexes          | 1 2 |  2.7
Summonings     | 1 2 |  2.7
Necromancy     | 1 2 |  2.7
Translocations | 1 2 |  2.7
Transmutations | 1 2 |  2.7
Fire Magic     | 1 2 |  2.7
Ice Magic      | 1 2 |  2.7
Air Magic      | 1 2 |  2.7
Earth Magic    | 1 2 |  2.7
Poison Magic   | 1 2 |  2.7
Axes           | 5 |  5.7
Fighting       | 7 |  7.4
Armour         | 7 |  7.4
Shields        | 7 |  7.4

Action                   |  1- 3 |  4- 6 |  7- 9 || total
-------------------------+-------+-------+-------++-------
Melee: War axe           |    52 |   165 |    97 ||   314
       Bite              |     4 |    10 |    14 ||    28
Throw: Stone             |       |       |     1 ||     1
Evoke: Wand              |       |       |     3 ||     3
  Use: Scroll            |       |       |     6 ||     6
Armor: Chain mail        |    31 |    88 |    39 ||   158
       Scale mail        |     1 |       |       ||     1
Dodge: Dodged            |    20 |    69 |    37 ||   126
Block: Buckler           |    12 |    56 |    23 ||    91
